 Dungeon Crawl Stone Soup version 0.17.0-28-g6e173f8 (webtiles) character file.

28 PossumBlood the Shooter (level 3, 0/24 HPs)
             Began as a High Elf Hunter on Nov 23, 2015.
             Was an Initiate of Nemelex Xobeh.
             Slain by a hobgoblin (1 damage)
             ... on level 1 of the Dungeon.
             The game lasted 00:06:37 (877 turns).

PossumBlood the Shooter (High Elf Hunter)            Turns: 877, Time: 00:06:38

Health: 0/24       AC:  4    Str: 11      XL:     3   Next: 0%
Magic:  4/4        EV: 12    Int: 14      God:    Nemelex Xobeh [......]
Gold:   45         SH:  0    Dex: 16 (17) Spells: 0 memorised, 2 levels left

rFire  . . .     SeeInvis .     a - +1 shortbow
rCold  . . .     Clarity  .     c - +1 leather armour
rNeg   . . .     SustAt   .     (shield currently unavailable)
rPois  .         Gourm    .     (no helmet)
rElec  .         Spirit   .     (no cloak)
rCorr  .         Warding  .     (no gloves)
rMut   .         Stasis   .     (no boots)
MR     .....                    k - amulet of inaccuracy (curse)
Stlth  ++........               (no ring)
                                (no ring)

@: not resistant to hostile enchantments, unstealthy
A: no striking features
a: Renounce Religion


You were on level 1 of the Dungeon.
You worshipped Nemelex Xobeh.
Nemelex Xobeh was noncommittal.
You were not hungry.

You visited 1 branch of the dungeon, and saw 1 of its levels.

You collected 45 gold pieces.

Inventory:

Hand Weapons
 a - a +1 shortbow (weapon)
 b - a +0 short sword
 f - a +0 dagger
 h - a +0 spear
 o - a +2 vampiric whip
Missiles
 d - 34 arrows (quivered)
 i - 13 silver sling bullets
Armour
 c - a +1 leather armour (worn)
 l - a +0 ring mail
Jewellery
 k - a cursed amulet of inaccuracy (around neck)
Potions
 j - a potion of degeneration
Miscellaneous
 g - a plain deck of war {drawn: 1}
Comestibles
 e - a bread ration
 m - a meat ration
 p - a beef jerky


   Skills:
 + Level 2.1 Fighting
 + Level 6.3 Bows
 + Level 0.3 Armour
 + Level 2.2 Dodging
 + Level 1.1 Stealth


You had 2 spell levels left.
You didn't know any spells.

Dungeon Overview and Level Annotations

Branches:
Dungeon (1/15)

Altars:
Nemelex Xobeh


Message History

You clumsily bash the hobgoblin but do no damage.
The hobgoblin hits you.
* * * LOW HITPOINT WARNING * * *
The hobgoblin hits you but does no damage.
You clumsily bash the hobgoblin but do no damage.
The hobgoblin closely misses you.
You closely miss the hobgoblin. The hobgoblin closely misses you.
The hobgoblin barely misses you.
You clumsily bash the hobgoblin but do no damage.
The hobgoblin hits you.
* * * LOW HITPOINT WARNING * * *
You miss the hobgoblin. The hobgoblin barely misses you.
The hobgoblin closely misses you.
You clumsily bash the hobgoblin but do no damage.
The hobgoblin hits you.
* * * LOW HITPOINT WARNING * * *
You closely miss the hobgoblin. The hobgoblin misses you.
The hobgoblin hits you.
You die...
Your body disappears without a glow.

#####.####.....≈≈≈≈≈.≈≈≈≈.# #.
##.......######............# #.
#.....##.###..........#.##.#####.
#.....##.........###....##.......
#.....##.#######.# #..########.#.
............## #.# #..# #.#.
.............# #.# #..# #.#.
.#...#.####..###.# #..# #.#.
.#.......##..#..@# #..# #.#.
.#.....#.##..⌠.⌠g###..# ##.##
.#............_.......#######...#
.#..#..#.#...⌠.⌠.................
....#..#.#.....#####.########...#
..#.#..#.............# ##.##
.............######..# #...
#.#.#..###.#.# #..# ####
#.#.#.>###.#.######..#


You could see a hobgoblin.

Vanquished Creatures
  A giant gecko (D:1)
  A ball python (D:1)
  5 bats (D:1)
  3 giant cockroaches (D:1)
  A goblin (D:1)
  3 hobgoblins (D:1)
  3 jackals (D:1)
  2 giant newts (D:1)
  2 kobolds (D:1)
  4 rats (D:1)
25 creatures vanquished.

Notes
Turn   | Place    | Note
--------------------------------------------------------------
     0 | D:1      | PossumBlood the High Elf Hunter began the quest for the Orb.
     0 | D:1      | Reached XP level 1. HP: 14/14 MP: 2/2
   149 | D:1      | Found a sparkling altar of Nemelex Xobeh.
   183 | D:1      | Reached XP level 2. HP: 10/19 MP: 3/3
   259 | D:1      | Became a worshipper of Nemelex Xobeh the Trickster
   394 | D:1      | Reached skill level 6 in Bows
   674 | D:1      | Reached XP level 3. HP: 24/24 MP: 4/4
   740 | D:1      | Received a gift from Nemelex Xobeh
   876 | D:1      | HP: 1/24 [hobgoblin (1)]
   877 | D:1      | Slain by a hobgoblin

Action                   || total
-------------------------++-------
Melee: Shortbow          ||    19
 Fire: Shortbow          ||    74
Evoke: Deck              ||     1
  Use: Scroll            ||     2
       Potion            ||     1
